 Dungeon Crawl Stone Soup version 0.29-a0-321-gf1c400731a (webtiles) character file.

Game seed: 3146448385829299675

20 GigaChad the Bolt Thrower (level 3, -2/21 HPs)
             Began as a Kobold Hunter on Apr 4, 2022.
             Slain by a jackal (3 damage)
             ... on level 1 of the Dungeon on Apr 5, 2022.
             The game lasted 00:02:00 (354 turns).

GigaChad the Bolt Thrower (Kobold Hunter)            Turns: 354, Time: 00:02:01

Health: -2/21      AC:  3    Str:  8    XL:     3   Next: 0%
Magic:  3/3        EV: 14    Int: 10    God:
Gold:   39         SH:  0    Dex: 20    Spells: 2/2 levels left

rFire   . . .      SeeInvis .   a - +1 hand crossbow
rCold   . . .      Faith    .   (no shield)
rNeg    . . .      Spirit   .   b - +0 leather armour
rPois   .          Reflect  .   (no helmet)
rElec   .          Harm     .   (no cloak)
rCorr   .          Rampage  .   (no gloves)
Will    .....                   (no boots)
Stlth   +++.......              (no amulet)
HPRegen 0.07/turn               (no ring)
MPRegen 0.08/turn               (no ring)

@: no status effects
A: small, no large weapons, nightstalker 3
a: no special abilities


You were on level 1 of the Dungeon.
You visited 1 branch of the dungeon, and saw 1 of its levels.

You collected 39 gold pieces.

Inventory:

Hand Weapons
 a - a +1 hand crossbow (weapon)
Armour
 b - a +0 leather armour (worn)
Scrolls
 c - a scroll of immolation
Potions
 d - a potion of curing {unknown}


   Skills:
 + Level 2.1 Fighting
 + Level 6.2 Crossbows
 + Level 0.1 Armour
 + Level 2.6 Dodging
 + Level 1.3 Stealth


You had 2 spell levels left.
You didn't know any spells.
Your spell library was empty.

Dungeon Overview and Level Annotations

Branches:
Dungeon (1/15)

Altars:


Innate Abilities, Weirdness & Mutations

You are small and have problems with some larger weapons.
You are completely attuned to the shadows.


Message History

The jackal misses you. The jackal attacks as you move away!
The jackal barely misses you. The jackal barely misses you.
The jackal attacks as you move away! The jackal barely misses you.
The jackal bites you.
* * * LOW HITPOINT WARNING * * *
The jackal bites you.
* * * LOW HITPOINT WARNING * * *
The jackal barely misses you.
The jackal bites you but does no damage. x2
The jackal bites you.
* * * LOW HITPOINT WARNING * * *
You open the door. The jackal closely misses you.
The jackal closely misses you. The jackal barely misses you.
There is an open door here.
The jackal bites you.
* * * LOW HITPOINT WARNING * * *
You see here a stone.
The jackal attacks as you move away! The jackal barely misses you.
The jackal attacks as you move away! The jackal barely misses you.
You see here 3 stones.
The jackal attacks as you move away! The jackal closely misses you. x2
You see here 4 stones.
The jackal barely misses you. The jackal misses you.
You see here a stone.
The jackal attacks as you move away! The jackal barely misses you.
The jackal closely misses you.
You see here 2 stones.
The jackal attacks as you move away! The jackal misses you.
You see here a stone.
The jackal bites you.
* * * LOW HITPOINT WARNING * * *
The jackal bites you but does no damage.
The jackal barely misses you. The jackal attacks as you move away!
The jackal closely misses you. The jackal misses you.
There is an open door here.
The jackal bites you.
You die...

## #......### #(.h#..# .#
##....... ##.##..#
.####........###'#...#
...##..........#.....#
##...........#.h.#>..#
###.........##.g)...#####
##.................#...
#....÷...###h....†....
##......###.@.........
#.÷...## #...........
##...### #...........
####....÷.# #..........)
#.....###.####...........
......###.... .........#
.........# ###......#


You could see 2 jackals and a goblin.

Vanquished Creatures
  2 dart slugs (D:1)
  2 ball pythons (D:1)
  3 endoplasms (D:1)
  A giant cockroach (D:1)
  3 hobgoblins (D:1)
  A bat (D:1)
  A frilled lizard (D:1)
  A rat (D:1)
14 creatures vanquished.

Notes
Turn   | Place    | Note
-------+----------+-------------------------------------------
     0 | D:1      | GigaChad the Kobold Hunter began the quest for the Orb.
     0 | D:1      | Reached XP level 1. HP: 12/12 MP: 1/1
    79 | D:1      | Reached XP level 2. HP: 17/17 MP: 2/2
   215 | D:1      | Reached skill level 6 in Crossbows
   308 | D:1      | Reached XP level 3. HP: 11/21 MP: 3/3
   331 | D:1      | HP: 1/21 [jackal (1)]
   336 | D:1      | HP: 1/21 [jackal (1)]
   346 | D:1      | HP: 1/21 [jackal (1)]
   354 | D:1      | Slain by a jackal

Illustrated notes

Levels and vault maps discovered:
D:1:      minmay_arrival_shattered_statue, layout_rooms,
          hellmonk_ecumenical_altar_pennies_from_heaven

Skill      XL: |  1  2 |
---------------+-------+-----
Crossbows      | 6 |  6.2
Fighting       | |  2.1
Armour         | |  0.1
Dodging        | |  2.6
Stealth        | |  1.3

Action                   || total
-------------------------++-------
 Fire: Hand crossbow     ||    36
Armor: Leather armour    ||    14
Dodge: Dodged            ||    50

Table legend: (Time is in decaauts)
 A = Elapsed time spent in this place.
 B = Non-inter-level travel time spent in this place.
 C = Inter-level travel time spent in this place.
 D = Time resting spent in this place.
 E = Time spent auto-exploring this place.
 F = Levels seen in this place.
 G = Mean time per level.
                   A        B        C        D        E       F      G
               +--------+--------+--------+--------+--------+-----+--------+
         Total |    363 |    363 |      0 |      0 |     15 |   1 |  363.0 |
       Dungeon |    363 |    363 |      0 |      0 |     15 |   1 |  363.0 |
               +--------+--------+--------+--------+--------+-----+--------+

Top non-repeatable levels by time:
     D:1: 363 daAuts
